 Dungeon Crawl Stone Soup version 0.19.0-19-g8c6edcc (webtiles) character file.

54 toast the Skirmisher (level 3, 0/34 HPs)
             Began as a Minotaur Fighter on Nov 15, 2016.
             Was a Follower of Zin.
             Slain by Sigmund
             ... wielding a +1 scythe of protection
              (6 damage)
             ... on level 3 of the Dungeon.
             The game lasted 00:04:16 (1287 turns).

toast the Skirmisher (Minotaur Fighter)             Turns: 1287, Time: 00:04:17

Health: 0/34       AC:  7    Str: 21    XL:     3   Next: 66%
Magic:  2/2        EV:  7    Int:  5    God:    Zin [*.....]
Gold:   135        SH: 10    Dex:  9    Spells: 0 memorised, 2 levels left

rFire  . . .     SeeInvis .     a - +0 war axe
rCold  . . .     Gourm    .     b - +0 scale mail
rNeg   . . .     Faith    .     c - +1 shield
rPois  .         Spirit   .     (helmet restricted)
rElec  .         Reflect  .     (no cloak)
rCorr  .         Harm     .     (no gloves)
MR     .....                    (no boots)
Stlth  ..........               (no amulet)
                                (no ring)
                                (no ring)

@: no status effects
A: retaliatory headbutt, horns 2
a: Recite, Donate Gold, Renounce Religion


You were on level 3 of the Dungeon.
You worshipped Zin.
Zin was aware of your devotion.
You were not hungry.

You visited 1 branch of the dungeon, and saw 3 of its levels.

You collected 149 gold pieces.
You donated 14 gold pieces to Zin.

Inventory:

Hand Weapons
 a - a +0 war axe (weapon)
Armour
 b - a +0 scale mail (worn)
 c - a +1 shield (worn)
Jewellery
 o - an uncursed ring of ice
 t - a cursed ring of teleportation
Scrolls
 e - 2 scrolls of enchant armour
 l - a scroll of teleportation
 q - a scroll of recharging {unknown}
 r - a scroll of amnesia {unknown}
 u - a scroll of fog {unknown}
 x - a scroll of identify
Potions
 d - a potion of might
 h - a potion of heal wounds {unknown}
 i - 4 potions of curing
 j - 2 potions of flight {unknown}
 k - a potion of magic {unknown}
 n - a potion of brilliance {unknown}
 p - a potion of lignification {unknown}
 s - a potion of berserk rage {unknown}
 w - a potion of degeneration {unknown}
Books
 g - a book of Misfortune

   Spells                             Type                      Level
   a - Confusing Touch                Hexes                        1
   b - Confuse                        Hexes                        3
   c - Gell's Gravitas                Hexes/Translocation          3
   d - Petrify                        Transmutation/Earth          4
   e - Metabolic Englaciation         Hexes/Ice                    5
   f - Yara's Violent Unravelling     Hexes/Transmutation          5
Comestibles
 f - a bread ration
 m - 2 meat rations
 v - 4 chunks of flesh


   Skills:
 + Level 4.4 Fighting
 * Level 3.1 Axes
 + Level 4.1 Armour
 + Level 4.1 Shields


You had 2 spell levels left.
You didn't know any spells.

Dungeon Overview and Level Annotations

Branches:
Dungeon (3/15)

Altars:
Ashenzari
Elyvilon
Zin

Annotations:
D:3 Sigmund


Innate Abilities, Weirdness & Mutations

You reflexively headbutt those who attack you in melee.
You have a pair of horns on your head.


Message History

* * * LOW HITPOINT WARNING * * *
You slash Sigmund!
Sigmund is heavily wounded.
You feel less confused.
Sigmund points at you and mumbles some strange words.
You resist with significant effort.
You hit Sigmund.
Sigmund is heavily wounded.
Sigmund drinks a potion.
Sigmund is healed!
You closely miss Sigmund.
Sigmund is lightly wounded.
Sigmund casts a spell.
Sigmund flickers and vanishes!
Deactivating autopickup; reactivate with Ctrl-A.
You barely miss something. You headbutt something.
Something hits you but does no damage.
You slash something! Something hits you.
* * * LOW HITPOINT WARNING * * *
You barely miss something. Your headbutt misses something. Something hits you.
You die...

#.^........#
#..........#.#
#............
##...........#
#............#
#.###.......####
#.###.##.#...(..
###.###.#...[.# #
#....#.....@..#
...
#....#....{†?.#..#
#..)._..........#
#....#........###
#....#........#
#...###.......#
###.###.......#
#.###.#.....#
#.....#####..


There were no monsters in sight!

Vanquished Creatures
  An adder (D:2)
  A worm (D:2)
  2 dart slugs (D:3)
  3 leopard geckos
  A giant cockroach (D:1)
  9 goblins
  A hobgoblin (D:3)
  A ball python (D:2)
  3 bats
  3 frilled lizards
  4 kobolds
  7 rats
36 creatures vanquished.

Vanquished Creatures (others)
  A hobgoblin (D:3)
1 creature vanquished.

Grand Total: 37 creatures vanquished

Notes
Turn   | Place    | Note
-------+----------+-------------------------------------------
     0 | D:1      | toast the Minotaur Fighter began the quest for the Orb.
     0 | D:1      | Reached XP level 1. HP: 19/19 MP: 0/0
   178 | D:1      | Reached XP level 2. HP: 25/27 MP: 1/1
   609 | D:2      | Found a glowing silver altar of Zin.
   613 | D:2      | Became a worshipper of Zin the Law-Giver
   681 | D:2      | Reached XP level 3. HP: 33/33 MP: 2/2
   694 | D:2      | Reached * piety under Zin
   697 | D:2      | Found a white marble altar of Elyvilon.
  1252 | D:3      | Found a shattered altar of Ashenzari.
  1261 | D:3      | Noticed Sigmund
  1287 | D:3      | Slain by Sigmund

Skill      XL: |  1  2  3 |
---------------+----------+-----
Fighting       | 4 |  4.4
Axes           | 3 |  3.1
Armour         | 4 |  4.1
Shields        | 4 |  4.1

Action                   || total
-------------------------++-------
Melee: War axe           ||    90
       Headbutt          ||    14
Invok: Recite            ||     1
  Use: Scroll            ||     5
  Eat: Chunk             ||     1
Armor: Scale mail        ||    41
Dodge: Dodged            ||    21
Block: Shield            ||    48
